 Dungeon Crawl Stone Soup version 0.21-a0-41-g5e91fef (webtiles) character file.

158 KristoblXynda the Twirler (level 5, -4/41 HPs)
             Began as a Draconian Gladiator on June 3, 2017.
             Slain by a two-headed ogre
             ... wielding a +0 giant spiked club
              (16 damage)
             ... on level 3 of the Dungeon.
             The game lasted 00:04:28 (2376 turns).

KristoblXynda the Twirler (Draconian Gladiator)     Turns: 2376, Time: 00:04:29

Health: -4/41      AC:  8    Str: 21    XL:     5   Next: 16%
Magic:  5/5        EV: 13    Int: 10    God:
Gold:   99         SH:  0    Dex: 12    Spells: 4/4 levels left

rFire    . . .     SeeInvis .   a - +1 quarterstaff
rCold    . . .     Gourm    .   (shield currently unavailable)
rNeg     . . .     Faith    .   (armour unavailable)
rPois    .         Spirit   .   b - +0 hat
rElec    .         Reflect  .   (no cloak)
rCorr    .         Harm     .   f - +2 pair of gloves
MR       .....                  (no boots)
Stlth    ++........             (no amulet)
Regen    0.2/turn               (no ring)
MPRegen  0.1/turn               (no ring)

@: mighty
A: unfitting armour, cold-blooded, AC +5
a: no special abilities


You were on level 3 of the Dungeon.
You were not hungry.

You visited 1 branch of the dungeon, and saw 3 of its levels.

You collected 99 gold pieces.

Inventory:

Hand Weapons
 a - a +1 quarterstaff (weapon)
Missiles
 c - 3 throwing nets (quivered)
 n - 5 javelins
Armour
 b - a +0 hat (worn)
 f - a +2 pair of gloves (worn)
Jewellery
 l - a cursed -6 ring of strength {unknown}
Scrolls
 e - a scroll of fog {unknown}
 g - a scroll of remove curse
 i - 2 scrolls of amnesia
 j - a scroll of magic mapping {unknown}
 o - a scroll of identify {unknown}
 p - a scroll of teleportation {unknown}
 q - a scroll of enchant weapon
 t - a scroll of immolation {unknown}
Potions
 k - a potion of brilliance {unknown}
 s - a potion of flight {unknown}
Comestibles
 d - a bread ration
 h - 3 meat rations


   Skills:
 - Level 2.1 Fighting
 + Level 4.1 Staves
 - Level 2.0 Throwing
 + Level 3.9 Dodging
 + Level 2.2 Stealth


You had 4 spell levels left.
You didn't know any spells.

Dungeon Overview and Level Annotations

Branches:
Dungeon (3/15)

Altars:
Ashenzari
Dithmenos


Innate Abilities, Weirdness & Mutations

Your plain brown scales are hard. (AC +5)
You cannot fit into any form of body armour.
You are cold-blooded and may be slowed by cold attacks.


Message History

The two-headed ogre barely misses you.
The two-headed ogre hits you with a giant spiked club!
It was a potion of curing.
You feel better.
The two-headed ogre hits you with a giant spiked club!
The two-headed ogre closely misses you.
Unknown command.
It was a potion of might.
You feel very mighty all of a sudden. The two-headed ogre barely misses you.
The two-headed ogre closely misses you.
You hit the two-headed ogre.
The two-headed ogre is lightly wounded.
You thump the two-headed ogre! You tail-slap the two-headed ogre!
The two-headed ogre is heavily wounded.
The two-headed ogre barely misses you.
The two-headed ogre hits you with a giant spiked club.
* * * LOW HITPOINT WARNING * * *
You sock the two-headed ogre!
The two-headed ogre is severely wounded.
The two-headed ogre hits you with a giant spiked club!
You die...

######.#.#
#........#
########.#
#.# #.#
#.#######
#.......#
#######.#
#.O@..#
###
#.#####
#.###.#
#.#
#..O..#
#.#
#.####.#
#......#
########


You could see a two-headed ogre.

Vanquished Creatures
  Jessica (D:2)
  Robin (D:2)
  3 adders
  2 dart slugs
  3 leopard geckos
  6 orcs (D:3)
  7 bats
  4 giant cockroaches
  16 goblins
  10 hobgoblins
  3 jackals (D:1)
  3 quokkas
  A frilled lizard (D:1)
  8 kobolds
  8 rats
76 creatures vanquished.

Notes
Turn   | Place    | Note
-------+----------+-------------------------------------------
     0 | D:1      | KristoblXynda the Draconian Gladiator began the quest for the Orb.
     0 | D:1      | Reached XP level 1. HP: 17/17 MP: 1/1
    53 | D:1      | Reached XP level 2. HP: 20/24 MP: 2/2
   685 | D:1      | Reached XP level 3. HP: 24/29 MP: 3/3
   863 | D:2      | Noticed Jessica
   867 | D:2      | Noticed Robin
   911 | D:2      | Reached skill level 1 in Stealth
   960 | D:2      | Killed Jessica
   960 | D:2      | Reached XP level 4. HP: 15/36 MP: 4/4
   970 | D:2      | HP: 1/36 [goblin/club[Robin] (6)]
   981 | D:2      | Killed Robin
  1549 | D:2      | Found a shadowy altar of Dithmenos.
  1818 | D:3      | Reached skill level 4 in Staves
  2105 | D:3      | Found a shattered altar of Ashenzari.
  2135 | D:3      | Reached XP level 5. HP: 41/41 MP: 5/5
  2357 | D:3      | Noticed a two-headed ogre
  2376 | D:3      | Slain by a two-headed ogre

Vault maps used:
D:1:      lightli_arrival_boilingwater
D:2:      nicolae_overflow_crystal_walls, minivault_26, uniq_robin, uniq_jessica
D:3:      nicolae_overflow_hidden_temple, first_bread

Skill      XL: |  1  2  3  4 |
---------------+-------------+-----
Throwing       | 2 |  2.0
Dodging        | 3 |  3.9
Stealth        | 1 2 |  2.2
Staves         | 4 |  4.1
Fighting       | |  2.1

Action                   |  1- 3 |  4- 6 || total
-------------------------+-------+-------++-------
Melee: Quarterstaff      |    95 |    92 ||   187
       Tailslap          |    12 |    13 ||    25
  Use: Potion            |       |     3 ||     3
       Scroll            |       |     4 ||     4
 Stab: Sleeping          |     1 |     6 ||     7
  Eat: Chunk             |       |     3 ||     3
       Royal jelly       |       |     1 ||     1
Armor: Skin              |    29 |    27 ||    56
Dodge: Dodged            |    68 |    59 ||   127
